 Seeded DCSS version 0.30-a0-883-g5ad918d77d (webtiles) character file.

Game seed: 15748772131455733785 (custom seed)

11 Parcival the Shield-Bearer (level 2, 27/27 HPs)
             Began as a Minotaur Fighter on Mar 16, 2023.
             Quit the game on level 1 of the Dungeon.
             The game lasted 00:02:07 (355 turns).

Parcival the Shield-Bearer (Minotaur Fighter)        Turns: 355, Time: 00:02:07

Health: 27/27      AC: 11    Str: 26    XL:     2   Next: 17%
Magic:  1/1        EV:  6    Int:  5    God:
Gold:   24         SH:  4    Dex:  9    Spells: 1/1 levels left

rFire   . . .      SeeInvis .    a - +0 long sword
rCold   . . .      Faith    .    c - +0 buckler
rNeg    . . .      Spirit   .    e - +0 plate armour
rPois   .          Reflect  .    (helmet restricted)
rElec   .          Rampage  .    (no cloak)
rCorr   .                        (no gloves)
Will    .....                    (no boots) Stlth
                                 (no amulet)
HPRegen 0.24/turn                f - +6 ring of strength
MPRegen 0.07/turn                (no ring)

@: no status effects
A: horns 2, retaliatory headbutt
a: no special abilities


You were on level 1 of the Dungeon.
You visited 1 branch of the dungeon, and saw 1 of its levels.

You collected 24 gold pieces.

Inventory:

Hand Weapons
 a - a +0 long sword (weapon)
Armour
 b - a +0 scale mail
 c - a +0 buckler (worn)
 e - a +0 plate armour (worn)
Jewellery
 f - a +6 ring of strength (left hand)
Scrolls
 g - a scroll of fog {unknown}
Potions
 d - a potion of might


   Skills:
 + Level 3.8 Fighting
 + Level 2.5 Long Blades
 + Level 3.9 Armour
 + Level 4.0 Shields


You had one spell level left.
You didn't know any spells.
Your spell library contained the following spells:

 Spells                   Type           Power      Damage    Failure   Level
 Ignite Poison            Fire/Tmut/Pois 0%         N/A       100%        3
 Kindle Blastsparks       Fire/Tloc/Air  0%         2d10      100%        3
 Freezing Cloud           Conj/Ice/Air   0%         6-21      100%        5


Dungeon Overview and Level Annotations

Branches:
Dungeon (1/15)

Altars:


Innate Abilities, Weirdness & Mutations

You have a pair of horns on your head.
You reflexively headbutt those who attack you in melee.


Message History

You hit the endoplasm but do no damage.
The endoplasm hits you but does no damage.
You hit the endoplasm. You headbutt the endoplasm.
You kill the endoplasm!
Your Shields skill increases to level 4!
You see here a frilled lizard corpse.
Okay, then.
Okay, then.
Okay, then.
You see here a hobgoblin corpse.
You see here a frilled lizard corpse.
You see here a hobgoblin corpse.
You see here a frilled lizard corpse.
A frilled lizard comes into view.
The frilled lizard hisses angrily.
A ball python comes into view.
There are monsters nearby!
The ball python hisses angrily.
A ball python is nearby!
You hit the ball python.
The ball python is moderately wounded.
The ball python bites you but does no damage.
The ball python grabs you. The ball python constricts you.
You block the ball python's attack. The ball python constricts you.
You slash the ball python!
You kill the ball python!
The frilled lizard bites you but does no damage.
You see here a ball python corpse.
You block the frilled lizard's attack.
You hit the frilled lizard.
You kill the frilled lizard!
You see here a frilled lizard corpse.
You pick up a Trismegistus Codex and begin reading...
You add the spells Kindle Blastsparks, Ignite Poison and Freezing Cloud to your library.
A hobgoblin comes into view.
The hobgoblin shouts!
You hear a shout!
g - a scroll labelled HOMIUDGH UFRO A hobgoblin is nearby!
A hobgoblin is nearby!
Are you sure you want to abandon this character and quit the game? (Confirm with "yes".)

............. ..#
########...###.###..#..
.#.....#..#...#...# ..#
.†........#...#...#...#
.#.##....###..#...#..#
.#.##.).#...#..###..#
.#.##...#...#...#...#
##.##...#††.##..#...#
.....###.###..#.@#
..............#.........
...#†###.###..#..###.###
#####...#...##..#g
........#...#...#..
######..#...#..###.g
#...###..# #..
#....#...# ... .......#
..#


You could see a hobgoblin.

Vanquished Creatures
  2 endoplasms (D:1)
  A giant cockroach (D:1)
  3 hobgoblins (D:1)
  A jackal (D:1)
  A ball python (D:1)
  2 frilled lizards (D:1)
10 creatures vanquished.

Notes
Turn   | Place    | Note
-------+----------+-------------------------------------------
     0 | D:1      | Parcival the Minotaur Fighter began the quest for the Orb.
     0 | D:1      | Reached XP level 1. HP: 19/19 MP: 0/0
   263 | D:1      | Reached XP level 2. HP: 21/27 MP: 1/1
   278 | D:1      | Reached skill level 4 in Shields
   355 | D:1      | Quit the game

Illustrated notes

Levels and vault maps discovered:
D:1:      dpeg_arrival_brainrot, layout_basic, hangedman_decor_growths,
          minmay_misc_feat_rugged, nicolae_titane

Skill      XL: |  1  2 |
---------------+-------+-----
Shields        | 4 |  4.0
Fighting       | |  3.8
Long Blades    | |  2.5
Armour         | |  3.9

Action                     || total
---------------------------++-------
  Melee: Long sword        ||    20
         Headbutt          ||     1
 Armour: Plate armour      ||    11
         Scale mail        ||     3
  Dodge: Dodged            ||    10
  Block: Buckler           ||     9

Table legend: (Time is in decaauts)
 A = Elapsed time spent in this place.
 B = Non-inter-level travel time spent in this place.
 C = Inter-level travel time spent in this place.
 D = Time resting spent in this place.
 E = Time spent auto-exploring this place.
 F = Levels seen in this place.
 G = Mean time per level.
                   A        B        C        D        E       F      G
               +--------+--------+--------+--------+--------+-----+--------+
         Total |    361 |    344 |     17 |      0 |    234 |   1 |  361.0 |
       Dungeon |    361 |    344 |     17 |      0 |    234 |   1 |  361.0 |
               +--------+--------+--------+--------+--------+-----+--------+

Top non-repeatable levels by time:
     D:1: 361 daAuts
